 Dungeon Crawl Stone Soup version 0.18-a0-1523-gbe15c29 (webtiles) character file.

128 MenacingMecha the Covert (level 4, -1/22 HPs)
             Began as a Spriggan Assassin on Mar 7, 2016.
             Succumbed to a kobold's poison
             ... on level 3 of the Dungeon.
             The game lasted 00:13:22 (2369 turns).

MenacingMecha the Covert (Spriggan Assassin)        Turns: 2369, Time: 00:13:22

Health: -1/22      AC:  3    Str: 10    XL:     4   Next: 87%
Magic:  5/5        EV: 22    Int: 12    God:
Gold:   42         SH:  0    Dex: 25    Spells: 0 memorised, 3 levels left

rFire  . . .     SeeInvis +     a - +2 dagger
rCold  . . .     Gourm    .     c - +0 robe
rNeg   . . .     Faith    .     (shield restricted)
rPois  .         Spirit   .     (helmet restricted)
rElec  .         Dismiss  .     d - +0 cloak
rCorr  .         Reflect  .     (gloves unavailable)
SustAt .         Harm     .     (boots unavailable)
MR     .....                    (no amulet)
Stlth  ++++++....               (no ring)
                                (no ring)

@: mighty, agile, lethally poisoned (-1 -> -19), very quick, not resistant to
hostile enchantments, very stealthy
A: unfitting armour, see invisible, agile 1, deterioration 1, herbivore 3, speed
3, slow metabolism 2, weak 1
a: no special abilities


You were on level 3 of the Dungeon.
You were not hungry.

You visited 1 branch of the dungeon, and saw 3 of its levels.

You collected 42 gold pieces.

Inventory:

Hand Weapons
 a - a +2 dagger (weapon)
 b - a +0 blowgun
Missiles
 e - 4 poisoned needles
 f - 2 curare-tipped needles
Armour
 c - a +0 robe (worn)
 d - a +0 cloak (worn)
Jewellery
 r - a +1 ring of evasion {unknown}
Scrolls
 h - a scroll of remove curse {unknown}
 i - 4 scrolls of identify {unknown}
 m - a scroll of enchant weapon {unknown}
 p - a scroll of enchant armour {unknown}
 q - a scroll of magic mapping {unknown}
Potions
 l - a potion of might
 n - a potion of degeneration {unknown}
Comestibles
 g - 2 bread rations
 o - 3 fruits


   Skills:
 - Level 1.5 Fighting
 + Level 3.8 Short Blades
 - Level 2.0 Throwing
 - Level 1.5 Dodging
 + Level 8.3 Stealth


You had 3 spell levels left.
You didn't know any spells.

Dungeon Overview and Level Annotations

Branches:
Dungeon (3/15)

Altars:
Vehumet
Yredelemnul

Annotations:
D:1 1 runed door, return after d5


Innate Abilities, Weirdness & Mutations

You are tiny and cannot use many weapons and most armour.
You have supernaturally acute eyesight.
You are a herbivore.
You cover ground extremely quickly.
You need consume almost no food.
You are agile. (Dex +2)
Your body sometimes deteriorates upon taking damage.
You are weak. (Str -2)


Message History

* * * LOW HITPOINT WARNING * * *
You feel sick.
* * * LOW HITPOINT WARNING * * *
You feel sick.
You see here a poisoned needle.
There is a lethal amount of poison in your body!
Drink which item? (? for menu, Esc to quit)
It was a potion of might.
You feel very mighty all of a sudden.
* * * LOW HITPOINT WARNING * * *
You feel sick.
Drink which item? (? for menu, Esc to quit)
It was a potion of agility.
You feel agile all of a sudden.
* * * LOW HITPOINT WARNING * * *
You feel sick.
Drink which item? (? for menu, Esc to quit)
It was a potion of mutation.
You feel extremely strange.
You feel weaker.
You feel agile.
You feel yourself wasting away.
You die...

#.. ......... ..
.......... #.
#.........
#.######.........
#.........)((....
#.............%..
.#)###.)..............
.................(....
..#.###.....@...†......
..........((.........!.
#.####................
#<........[.#######
#.........#.#
...#....(..#.#
#...#.#######.# #...#.#
#.# #.#.#.#


There were no monsters in sight!

Vanquished Creatures
  Terence (D:2)
  4 adders (D:2)
  An ooze (D:1)
  2 worms (D:2)
  2 dart slugs
  4 giant geckos (D:2)
  A ball python (D:2)
  8 bats
  7 goblins
  6 hobgoblins
  3 kobolds
  2 quokkas (D:2)
  A giant newt (D:1)
  6 rats
  A spectral orc (D:2)
49 creatures vanquished.

Notes
Turn   | Place    | Note
--------------------------------------------------------------
     0 | D:1      | MenacingMecha the Spriggan Assassin began the quest for the Orb.
     0 | D:1      | Reached XP level 1. HP: 10/10 MP: 2/2
     4 | D:1      | Found a runed door.
    51 | D:1      | Reached skill level 6 in Stealth
   396 | D:1      | Reached XP level 2. HP: 14/14 MP: 3/3
   928 | D:1      | Reached skill level 7 in Stealth
  1129 | D:2      | Reached XP level 3. HP: 16/18 MP: 4/4
  1343 | D:2      | Noticed Terence
  1357 | D:2      | Killed Terence
  1357 | D:2      | Reached XP level 4. HP: 22/22 MP: 5/5
  1440 | D:2      | Found a basalt altar of Yredelemnul.
  1483 | D:2      | Reached skill level 8 in Stealth
  1905 | D:2      | Found a radiant altar of Vehumet.
  2368 | D:3      | HP: 1/22 [poisoned by a kobold]
  2369 | D:3      | Gained mutation: You are weak. (Str -2) [potion of mutation]
  2369 | D:3      | Gained mutation: You are agile. (Dex +2) [potion of mutation]
  2369 | D:3      | Gained mutation: Your body sometimes deteriorates upon taking damage. [potion of mutation]
  2369 | D:3      | Succumbed to a kobold's poison

Vault maps used:
D:1:      dpeg_arrival_caged_fury
D:2:      yredelemnul_forgotten_temple_becter, vehumet_crystals, uniq_terence
D:3:      bloody_makhleb

Skill      XL: |  1  2  3  4 |
---------------+-------------+-----
Stealth        | 6 7 8 |  8.3
Short Blades   | 3 |  3.8
Fighting       | |  1.5
Throwing       | |  2.0
Dodging        | |  1.5

Action                   |  1- 3 |  4- 6 || total
-------------------------+-------+-------++-------
Melee: Dagger            |    86 |   106 ||   192
 Fire: Blowgun           |     5 |     6 ||    11
  Use: Potion            |       |     3 ||     3
 Stab: Sleeping          |     8 |     3 ||    11
